 Dungeon Crawl Stone Soup version 0.31.0-32-g396128a36d (webtiles) character file.

Game seed: 14661475294243193266

84 spaghetti the Shooter (level 4, -2/33 HPs)
             Began as a Demonspawn Hunter on Mar 18, 2024.
             Slain by a sky beast (3 damage)
             ... on level 3 of the Dungeon.
             The game lasted 00:02:44 (1763 turns).

spaghetti the Shooter (Demonspawn Hunter)           Turns: 1763, Time: 00:02:45

Health: -2/33      AC:  4    Str: 11    XL:     4   Next: 24%
Magic:  4/4        EV: 12    Int:  9    God:
Gold:   112        SH:  4    Dex: 19    Spells: 3/3 levels left

rFire   . . .        a - +0 shortbow
rCold   . . .        (shield currently unavailable)
rNeg    . . .        c - +0 leather armour
rPois   .            (no helmet)
rElec   .            f - +0 cloak
rCorr   .            (no gloves)
SInv    .            (no boots)
Will    .....        (no amulet)
Stlth   ++           (no ring)
HPRegen 0.25/turn    (no ring)
MPRegen 0.09/turn

%: no passive effects
@: no status effects
A: powered by death 1, condensation shield
a: no special abilities


You were on level 3 of the Dungeon.
You visited 1 branch of the dungeon, and saw 3 of its levels.

You collected 112 gold pieces.

Inventory:

Hand Weapons
 a - a +0 shortbow (weapon)
Armour
 c - a +0 leather armour (worn)
 f - a +0 cloak (worn)
Wands
 i - a wand of flame (26)
Scrolls
 b - a scroll of butterflies
 g - 2 scrolls of teleportation
 h - 3 scrolls of identify
Potions
 d - a potion of brilliance
 e - a potion of magic


   Skills:
 - Level 2.0 Fighting
 + Level 5.3 Ranged Weapons
 - Level 1.7 Dodging
 - Level 0.8 Stealth


You had 3 spell levels left.
You didn't know any spells.
Your spell library contained the following spells:

 Spells                   Type           Power      Damage    Failure   Level
 Sublimation of Blood     Necr           0%         N/A       63%         2
 Petrify                  Alch/Erth      0%         N/A       99%         4
 Irradiate                Conj/Alch      0%         3d11      100%        5


Dungeon Overview and Level Annotations

Branches:
Dungeon (3/15)

Altars:

Shops:
D:3 [


Innate Abilities, Weirdness & Mutations

You regenerate a little health from kills.
A meltable shield of frost defends you. (SH +4)


Message History

You are too injured to fight recklessly!
You are too injured to fight recklessly!
You are too injured to fight recklessly!
You are too injured to fight recklessly!
You shoot an arrow. The arrow closely misses the sky beast.
The sky beast hits you. The sky beast shocks you.
You shoot an arrow. The arrow closely misses the sky beast.
The sky beast hits you but does no damage.
You shoot an arrow.
The arrow hits the sky beast but does no damage.
The sky beast is lightly wounded.
The sky beast hits you. The sky beast shocks you.
* * * LOW HITPOINT WARNING * * *
Okay, then.
Aiming: Throw Flame
Press: ? - help, Shift-Dir - straight line, f/p - sky beast
Aim: a sky beast (lightly wounded, 56% to hit)
The puff of flame hits the sky beast.
The sky beast is moderately wounded.
The sky beast flickers out of sight!
Deactivating autopickup; reactivate with Ctrl-A.
Something hits you but does no damage.
Aiming: Throw Flame
Press: ? - help, Shift-Dir - straight line, f - you
Okay, then.
Aiming: Throw Flame
Press: ? - help, Shift-Dir - straight line Something hits you.
* * * LOW HITPOINT WARNING * * *
Something shocks you.
* * * LOW HITPOINT WARNING * * *
Aiming: Throw Flame
Press: ? - help, Shift-Dir - straight line The puff of flame hits something.
A sky beast appears from thin air!
Reactivating autopickup.
The sky beast closely misses you.
Aiming: Throw Flame
Press: ? - help, Shift-Dir - straight line The puff of flame misses the sky beast.
The sky beast hits you.
You die...

#.............. .# ##.
########...#### ... #..
..# ##.#.## ...#.. #.#
#.###.# .##.#.. #.#
##.#.## .......
#.######...#### #....
#..............
..#..$Y###..#####...####
.......@....# #####.####
..##.######†###......#..
##.##.......#.#
#..............
##...#..#.#.....
##.###........... #.##
##.........^
#.#####.....#....
#.....>..........


You could see a sky beast.

Vanquished Creatures
  2 adders
  A dart slug (D:1)
  A ribbon worm (D:2)
  An orc (D:3)
  2 ball pythons
  2 bats
  7 endoplasms
  A giant cockroach (D:3)
  5 goblins
  6 hobgoblins
  11 jackals
  2 quokkas
  5 frilled lizards
  A kobold (D:1)
  8 rats
55 creatures vanquished.

Notes
Turn   | Place    | Note
-------+----------+-------------------------------------------
     0 | D:1      | spaghetti the Demonspawn Hunter began the quest for the
                  | Orb.
     0 | D:1      | Reached XP level 1. HP: 16/16 MP: 1/1
   320 | D:1      | Reached skill level 4 in Ranged Weapons
   362 | D:1      | Gained mutation: A meltable shield of frost defends you.
                  | (SH +4) [demonic ancestry]
   362 | D:1      | Reached XP level 2. HP: 22/22 MP: 2/2
   826 | D:1      | Gained mutation: You regenerate a little health from kills.
                  | [demonic ancestry]
   826 | D:1      | Reached XP level 3. HP: 27/27 MP: 3/3
  1312 | D:2      | Reached skill level 5 in Ranged Weapons
  1579 | D:3      | Reached XP level 4. HP: 33/33 MP: 4/4
  1724 | D:3      | Found a faded altar of an unknown god.
  1728 | D:3      | Found Ituimid's Armour Boutique.
  1753 | D:3      | Noticed a sky beast
  1761 | D:3      | HP: 1/33 [something (5)]
  1763 | D:3      | Slain by a sky beast

Illustrated notes

Levels and vault maps discovered:
D:1:      mrwooster_arrival_statue, layout_basic, nicolae_houndstooth_variations
D:2:      layout_basic, minmay_tall_x
D:3:      layout_loops_cross, okawaru_metal_pillars_1_2,
          hellmonk_ecumenical_altar_arch_garden, serial_shops, shop

Skill      XL: |  1  2  3 |
---------------+----------+-----
Ranged Weapons | 4 5 |  5.3
Fighting       | |  2.0
Dodging        | |  1.7
Stealth        | |  0.8

Action                     |  1- 3 |  4- 6 || total
---------------------------+-------+-------++-------
   Fire: Shortbow          |   137 |    20 ||   157
  Evoke: Wand              |       |     4 ||     4
    Use: Scroll            |     5 |       ||     5
         Potion            |     1 |       ||     1
 Armour: Leather armour    |    47 |    10 ||    57
  Dodge: Dodged            |    42 |     4 ||    46
  Block: Other             |    12 |       ||    12
